 Dungeon Crawl Stone Soup version 0.30-a0-395-gfe72c296f8 (webtiles) character file.

Game seed: 13913873584171087586

100 Emberiza the Magician (level 5, 0/35 HPs)
             Began as a Djinni Fire Elementalist on Dec 7, 2022.
             Killed by nerve-wracking pain
             ... invoked by an orc priest
              (9 damage)
             ... on level 3 of the Dungeon.
             The game lasted 00:05:10 (2196 turns).

Emberiza the Magician (Djinni Fire Elementalist)    Turns: 2196, Time: 00:05:10

Health: 0/35       AC:  2    Str: 13    XL:     5   Next: 3%
Gold:   90         EV: 13    Int: 18    God:
                   SH:  0    Dex: 14

rFire   + + .      SeeInvis .    n - +0 flail
rCold   x . .      Faith    .    (no shield)
rNeg    . . .      Spirit   .    a - +0 robe
rPois   ∞          Reflect  .    (no helmet)
rElec   .          Harm     .    (no cloak)
rCorr   .          Rampage  .    (no gloves)
Will    .....                    (boots unavailable)
Stlth   ++........               (no amulet)
HPRegen 0.25/turn                m - +6 ring of strength
MPRegen 0.00/turn                (no ring)

@: flying
A: sickness immunity, fire resistance 2, cold vulnerability 1, float, innate
caster, HP casting, extra vitality 1
a: no special abilities


You were on level 3 of the Dungeon.
You visited 1 branch of the dungeon, and saw 3 of its levels.

You collected 178 gold pieces.
You spent 88 gold pieces at shops.

Inventory:

Hand Weapons
 n - a +0 flail (weapon)
Armour
 a - a +0 robe (worn)
Jewellery
 i - an amulet of faith
 m - a +6 ring of strength (left hand)
 o - a ring of see invisible
 q - a +6 ring of intelligence
Scrolls
 c - 3 scrolls of vulnerability
 f - 2 scrolls of immolation
 g - a scroll of summoning
 h - 6 scrolls of teleportation
 k - a scroll of torment
 s - 3 scrolls of identify
Potions
 b - a potion of flight
 d - 2 potions of invisibility {unknown}
 e - a potion of lignification {unknown}
 j - a potion of berserk rage {unknown}
 l - a potion of heal wounds {unknown}
 p - a potion of cancellation {unknown}
 r - a potion of experience {unknown}


   Skills:
 + Level 3.0 Dodging
 + Level 2.3 Stealth
 * Level 3.5 Spellcasting


You couldn't memorise any spells.
You knew the following spells:

 Your Spells              Type           Power      Damage    Failure   Level
a - Foxfire               Conj/Fire      60%        2x1d7     3%          1
b - Scorch                Fire           30%        2d7       5%          2
c - Kindle Blastsparks    Fire/Tloc/Air  30%        2d12      11%         3
d - Inner Flame           Hex/Fire       15%        N/A       11%         3
e - Flame Wave            Conj/Fire      15%        2d7       36%         4
f - Shock                 Conj/Air       60%        1d6       3%          1
g - Wereblood             Tmut           15%        N/A       5%          2
Your spell library was empty.

Dungeon Overview and Level Annotations

Branches:
Dungeon (3/15)

Altars:

Shops:
D:1 [*([   D:3 (


Innate Abilities, Weirdness & Mutations

You are immune to sickness and miasma.
You are immune to poison.
Your flesh is very heat resistant. (rF++)
You are vulnerable to cold. (rC-)
You float through the air rather than walking.
You learn spells naturally, not from books.
Your magical power is your life essence.
You have superior vitality. (+4 MHP)


Message History

You see here a +0 dagger.
A hobgoblin is nearby!
A hobgoblin is nearby!
Flames lash the hobgoblin.
You kill the hobgoblin!
You can't see any susceptible monsters within range! (Use Z to cast anyway.)
An orc priest and 2 orcs come into view.
There are monsters nearby!
There are monsters nearby!
There are monsters nearby!
You miscast Scorch.
You are very lightly contaminated with residual magic.
Nothing appears to happen.
The orc shouts!
An orc comes into view. It is wielding a +0 flail.
You can't see any susceptible monsters within range! (Use Z to cast anyway.)
The orc shouts!
You can't see any susceptible monsters within range! (Use Z to cast anyway.) Flames lash the orc.
The orc is severely wounded.
The orc's fire resistance burns away.
Flames lash the orc.
You kill the orc!
The orc priest calls down the wrath of Beogh upon you.
Beogh smites you!
* * * LOW HITPOINT WARNING * * *
You have reached level 5!
The power to cast Wereblood wells up from within.
Spell assigned to 'g'.
The orc attacks as you move away! The orc hits you with a +0 mace.
* * * LOW HITPOINT WARNING * * *
Casting: Scorch (safe; 5% risk of failure)
Confirm with . or Enter, or press ? or * to list all spells.
Flames lash the orc.
The orc is burned terribly!
You kill the orc!
* * * LOW HITPOINT WARNING * * *
Your magical contamination has completely faded away.
The orc priest calls down the wrath of Beogh upon you.
Pain shoots through your body!
You die...

.# #...######### *,* .#
##.## *.# .# #.# *.# .#
#.# *o# .# #.# *o# .#
#.# *)# .# #.# *.#
.####.###############o#
................@...o.#
.#####)################
.......# .####### ##


You could see an orc priest and an orc.

Vanquished Creatures
  3 adders (D:3)
  2 worms (D:3)
  A dart slug (D:3)
  4 orcs (D:3)
  7 ball pythons
  5 endoplasms
  2 giant cockroaches
  6 goblins
  4 hobgoblins
  7 jackals
  A quokka (D:1)
  8 bats
  A frilled lizard (D:1)
  2 kobolds
  4 rats
57 creatures vanquished.

Vanquished Creatures (others)
  33 foxfires (D:1)
33 creatures vanquished.

Grand Total: 90 creatures vanquished

Notes
Turn   | Place    | Note
-------+----------+-------------------------------------------
     0 | D:1      | Emberiza the Djinni Fire Elementalist began the quest for
                  | the Orb.
     0 | D:1      | Emberiza set off with the following spells memorised:
                  | Foxfire, Scorch, Kindle Blastsparks, Inner Flame, Flame
                  | Wave.
     0 | D:1      | Reached XP level 1. HP: 15/15 MP: 0/0
    10 | D:1      | Found Qefaq's Weapon Boutique.
    54 | D:1      | Found a faded altar of an unknown god.
   130 | D:1      | Found Bypn's Antique Armour Boutique.
   235 | D:1      | Reached XP level 2. HP: 17/21 MP: 0/0
   264 | D:1      | Found Cugusym's Antique Armour Emporium.
   386 | D:1      | Found Lipuecl Cude's Assorted Antiques.
   433 | D:1      | Bought a scroll labelled YZETEA GOTWOYWN for 25 gold pieces
   433 | D:1      | Bought a scroll labelled PIHORU WAKI for 25 gold pieces
   523 | D:2      | Reached XP level 3. HP: 20/25 MP: 0/0
   523 | D:2      | Learned a level 1 spell: Shock
  1341 | D:1      | Bought a +0 flail for 38 gold pieces
  1391 | D:3      | Reached XP level 4. HP: 26/31 MP: 0/0
  1663 | D:3      | Found Gosaodwo's Antique Weapon Shoppe.
  2192 | D:3      | Reached XP level 5. HP: 13/35 MP: 0/0
  2192 | D:3      | Learned a level 2 spell: Wereblood
  2196 | D:3      | Killed from afar by an orc priest

Illustrated notes

Levels and vault maps discovered:
D:1:      scummos_arrival_simple_crosswalls, layout_rooms,
          shapermc_ecumenical_altar_ellora, serial_shops,
          nicolae_shop_advertising_works [nicolae_subvault_shop_adworks], shop,
          shop, nicolae_shop_statue_plus
D:2:      layout_basic, minmay_tromino_v7
D:3:      layout_loops_ring, serial_shops, shop, hangedman_decor_push

Skill      XL: |  1  2  3  4 |
---------------+-------------+-----
Spellcasting   | 3 |  3.5
Stealth        | 2 |  2.3
Dodging        | 3 |  3.0

Action                   |  1- 3 |  4- 6 || total
-------------------------+-------+-------++-------
 Cast: Foxfire           |    20 |       ||    20
       Scorch            |    28 |    31 ||    59
  Use: Scroll            |     4 |     5 ||     9
Armor: Robe              |     2 |     1 ||     3
Dodge: Dodged            |    10 |     6 ||    16

Table legend: (Time is in decaauts)
 A = Elapsed time spent in this place.
 B = Non-inter-level travel time spent in this place.
 C = Inter-level travel time spent in this place.
 D = Time resting spent in this place.
 E = Time spent auto-exploring this place.
 F = Levels seen in this place.
 G = Mean time per level.
                   A        B        C        D        E       F      G
               +--------+--------+--------+--------+--------+-----+--------+
         Total |   2196 |   2120 |     76 |      0 |   1841 |   3 |  732.0 |
       Dungeon |   2196 |   2120 |     76 |      0 |   1841 |   3 |  732.0 |
               +--------+--------+--------+--------+--------+-----+--------+

Top non-repeatable levels by time:
     D:3: 835 daAuts
     D:2: 829 daAuts
     D:1: 531 daAuts
